 Dungeon Crawl Stone Soup version 0.30.1-3-gfc49f6343a (webtiles) character file.

Game seed: 377127893193180188

168 Atelerd the Digger (level 5, -2/34 HPs)
             Began as an Octopode Earth Elementalist on Aug 2, 2023.
             Slain by an orc
             ... wielding a +0 hand axe
              (7 damage)
             ... on level 3 of the Dungeon.
             The game lasted 00:02:36 (2479 turns).

Atelerd the Digger (Octopode Earth Elementalist)    Turns: 2479, Time: 00:02:37

Health: -2/34      AC:  1    Str:  8    XL:     5   Next: 48%
Magic:  5/9        EV: 13    Int: 19    God:
Gold:   140        SH:  0    Dex: 12    Spells: 8/9 levels left

rFire   . . .        f - +0 quarterstaff (spect)
rCold   + . .        (shield currently unavailable)
rNeg    . . .        (helmet restricted)
rPois   .            (no amulet)
rElec   .            c - ring of protection from cold
rCorr   .            (no ring)
SInv    .            (no ring)
Will    .....        (no ring)
Stlth   +++          (no ring)
HPRegen 0.25/turn    (no ring)
MPRegen 0.11/turn    (no ring)
                     (no ring)

%: no passive effects
@: no status effects
A: almost no armour, amphibious, 8 rings, camouflage 1, gelatinous body 1,
(nimble swimmer 1), tentacles
a: no special abilities


You were on level 3 of the Dungeon.
You visited 1 branch of the dungeon, and saw 3 of its levels.

You collected 140 gold pieces.

Inventory:

Hand Weapons
 d - a +0 dagger
 f - a +0 spectral quarterstaff (weapon)
Jewellery
 c - a ring of protection from cold (left tentacle)
 h - a ring of flight
 j - a +5 ring of evasion
Scrolls
 b - a scroll of identify {unknown}
 e - 2 scrolls of brand weapon {unknown}
 i - a scroll of magic mapping {unknown}
 k - a scroll of acquirement {unknown}
Potions
 a - a potion of magic
 g - a potion of flight {unknown}


   Skills:
 * Level 1.9 Fighting
 - Level 0.3 Staves
 - Level 2.0 Dodging
 - Level 2.6 Stealth
 - Level 0.4 Unarmed Combat
 + Level 2.9 Spellcasting
 * Level 2.1 Transmutations
 + Level 4.3 Earth Magic


You had 8 spell levels left.
You knew the following spells:

 Your Spells              Type           Power      Damage    Failure   Level
a - Sandblast             Erth           38%        2d10      2%          1

Your spell library contained the following spells:

 Spells                   Type           Power      Damage    Failure   Level
 Passwall                 Tmut/Erth      12%        N/A       6%          2
 Shock                    Conj/Air       8%         1d3       16%         1
 Stone Arrow              Conj/Erth      22%        3d8       19%         3
 Lesser Beckoning         Tloc           4%         N/A       24%         2
 Petrify                  Tmut/Erth      15%        N/A       36%         4
 Gell's Gravitas          Tloc           2%         N/A       43%         3
 Swiftness                Air            2%         N/A       43%         3
 Teleport Other           Tloc           2%         N/A       43%         3
 Airstrike                Air            1%         2d(1-17)  83%         4


Dungeon Overview and Level Annotations

Branches:
Dungeon (3/15)

Altars:
Fedhas


Innate Abilities, Weirdness & Mutations

You cannot wear most types of armour.
You are amphibious.
You can wear up to eight rings at the same time.
Your skin changes colour to match your surroundings (Stealth+).
Your rubbery body absorbs attacks. (AC +1, EV +1)
((You are camouflaged when in or above water. (Stealth+)))
You have tentacles for arms and can constrict up to eight enemies at once.


Message History

The orc is almost dead.
The orc closely misses you. The orc hits you with a +0 dagger.
Unknown command.
Unknown command.
Casting: Sandblast (safe; 2% risk of failure)
Confirm with . or Enter, or press ? or * to list all spells.
Aiming: Sandblast (safe; 2% risk of failure)
Press: ? - help, Shift-Dir - straight line, f/p - orc
Aim: an orc, wielding a +0 dagger (almost dead, 82% to hit)
The blast of sand hits the orc.
You kill the orc!
The kobold hits you with a +0 dagger. The orc misses you.
The orc hits you with a +0 hand axe. The kobold hits you with a +0 dagger.
* * * LOW HITPOINT WARNING * * *
Unknown command.
Casting: Sandblast (safe; 2% risk of failure)
Confirm with . or Enter, or press ? or * to list all spells.
Aiming: Sandblast (safe; 2% risk of failure)
Press: ? - help, Shift-Dir - straight line, f - kobold
Aim: a kobold, wielding a +0 dagger and quivering stones (77% to hit)
The blast of sand hits the kobold.
The kobold is severely wounded.
The kobold misses you. The orc closely misses you.
Unknown command.
Unknown command.
Casting: Sandblast (safe; 2% risk of failure)
Confirm with . or Enter, or press ? or * to list all spells.
Aiming: Sandblast (safe; 2% risk of failure)
Press: ? - help, Shift-Dir - straight line, f/p - kobold
Aim: a kobold, wielding a +0 dagger and quivering stones (severely wounded, 77% to hit)
The blast of sand hits the kobold but does no damage.
The kobold is severely wounded.
The kobold hits you with a +0 dagger.
* * * LOW HITPOINT WARNING * * *
The orc hits you with a +0 hand axe.
* * * LOW HITPOINT WARNING * * *
The kobold hits you with a +0 dagger.
* * * LOW HITPOINT WARNING * * *
The orc hits you with a +0 hand axe!
You die...

........†............#
.####......##.......##
. #...#....#.........#
...###..............#
.## #####..........#
##.........##
#..........#
##.........#
##.K@)....#
......)o)...##
######...(..#
#[......# #.......#
#.......# ##.....##
##...##


You could see an orc and a kobold.

Vanquished Creatures
  An orc priest (D:3)
  An iguana (D:3)
  5 adders
  4 dart slugs
  2 orcs (D:3)
  6 endoplasms
  2 giant cockroaches
  3 goblins
  4 hobgoblins
  6 quokkas
  9 ball pythons
  5 bats
  3 frilled lizards
  7 kobolds
  2 rats (D:2)
60 creatures vanquished.

Notes
Turn   | Place    | Note
-------+----------+-------------------------------------------
     0 | D:1      | Atelerd the Octopode Earth Elementalist began the quest for
                  | the Orb.
     0 | D:1      | Reached XP level 1. HP: 11/11 MP: 3/3
   307 | D:1      | Reached XP level 2. HP: 17/17 MP: 1/5
   748 | D:1      | Reached XP level 3. HP: 12/21 MP: 0/6
  1237 | D:2      | Reached skill level 4 in Earth Magic
  1245 | D:2      | Found a blossoming altar of Fedhas.
  1629 | D:2      | Reached XP level 4. HP: 27/27 MP: 5/7
  2283 | D:3      | Reached skill level 1 in Fighting
  2313 | D:3      | Reached XP level 5. HP: 19/33 MP: 4/9
  2479 | D:3      | Slain by an orc

Illustrated notes

Levels and vault maps discovered:
D:1:      spicycebolla_arrival_xxxplode, layout_basic
D:2:      layout_loops_corners, basic_altar
D:3:      layout_rooms, gup_sewer_entry_pipe, uniq_grinder

Skill      XL: |  1  2  3  4  5 |
---------------+----------------+-----
Earth Magic    | 4 |  4.3
Fighting       | 1 |  1.9
Transmutations | 2 |  2.1
Staves         | |  0.3
Dodging        | |  2.0
Stealth        | |  2.6
Unarmed Combat | |  0.4
Spellcasting   | |  2.9

Action                     |  1- 3 |  4- 6 || total
---------------------------+-------+-------++-------
  Melee: Unarmed           |    13 |       ||    13
         Tentacles         |     5 |     6 ||    11
         Constrict         |     9 |     6 ||    15
         Quarterstaff      |    17 |    19 ||    36
         Dagger            |     2 |       ||     2
   Cast: Sandblast         |    38 |    22 ||    60
    Use: Potion            |     1 |       ||     1
   Stab: Sleeping          |     1 |     4 ||     5
 Armour: Skin              |     1 |       ||     1
  Dodge: Dodged            |    20 |    25 ||    45
